 Dungeon Crawl Stone Soup version 0.19.5 (console) character file.

247 Grinner the Ducker (level 5, -1/25 HPs)
             Began as a Spriggan Gladiator on Mar 5, 2017.
             Slain by a gnoll
             ... wielding a +0 flail
              (8 damage)
             ... on level 4 of the Dungeon.
             The game lasted 00:08:01 (3634 turns).

Grinner the Ducker (Spriggan Gladiator)             Turns: 3634, Time: 00:08:02

Health: -1/25      AC:  3    Str: 11    XL:     5   Next: 85%
Magic:  6/6        EV: 23    Int:  9    God:
Gold:   185        SH:  0    Dex: 18    Spells: 0 memorised, 4 levels left

rFire  . . .     SeeInvis +     a - +0 long sword
rCold  . . .     Gourm    .     b - +0 robe
rNeg   . . .     Faith    .     (shield restricted)
rPois  .         Spirit   .     c - +0 hat
rElec  .         Reflect  .     k - +0 cloak
rCorr  .         Harm     .     (gloves unavailable)
MR     .....                    (boots unavailable)
Stlth  ++........               (no amulet)
                                (no ring)
                                (no ring)

@: very quick
A: unfitting armour, see invisible, herbivore 3, speed 3, slow metabolism 2
a: no special abilities


You were on level 4 of the Dungeon.
You were hungry.

You visited 1 branch of the dungeon, and saw 4 of its levels.

You collected 185 gold pieces.

Inventory:

Hand Weapons
 a - a +0 long sword (weapon)
Missiles
 d - 2 throwing nets (quivered)
Armour
 b - a +0 robe (worn)
 c - a +0 hat (worn)
 k - a +0 cloak (worn)
Wands
 e - a wand of confusion (20/48)
 l - a wand of slowing (29/48)
Scrolls
 n - a scroll of blinking
Potions
 i - a potion of heal wounds
Comestibles
 f - 2 bread rations
 h - 4 fruits
 j - 2 royal jellies


   Skills:
 - Level 1.5 Fighting
 * Level 4.5 Long Blades
 - Level 2.0 Throwing
 + Level 6.8 Dodging


You had 4 spell levels left.
You didn't know any spells.

Dungeon Overview and Level Annotations

Branches:
Dungeon (4/15)
 Temple: D:4-7

Altars:
Qazlal
Uskayaw


Innate Abilities, Weirdness & Mutations

You are very small and have problems with some larger weapons.
You are too small for most types of armour.
You have supernaturally acute eyesight. (SInv)
You are a herbivore.
You cover ground extremely quickly.
You need consume almost no food.


Message History

The gnoll completely misses you.
You riposte.
You barely miss the gnoll.
The gnoll is moderately wounded.
You hit the gnoll.
The gnoll is heavily wounded.
The gnoll barely misses you.
You hit the gnoll.
The gnoll is almost dead.
The gnoll misses you.
You closely miss the gnoll.
The gnoll is almost dead.
The gnoll hits you with a flail.
You barely miss the gnoll.
The gnoll is almost dead.
The gnoll hits you with a flail!
* * * LOW HITPOINT WARNING * * *
You are too injured to fight recklessly!
You closely miss the gnoll.
The gnoll is almost dead.
The gnoll hits you with a flail!
You die...

#.....# #.....# #.....#
#.....# #.....+ #.....#
##########.....# . #.....#
#........g.....# .#.....#
#........@.....# .#.....#
#.......)..รท...# '..>..#
#..............# #.g...#
#..............# #.....#
#..............#####.....#
#..............(((gg..)..#
#........................#
#........................#
#........................#


You could see a gnoll.

Vanquished Creatures
  A scorpion (D:4)
  Ijyb (D:3)
  2 gnolls (D:4)
  A howler monkey skeleton (D:4)
  8 adders
  2 worms
  2 dart slugs
  A leopard gecko (D:1)
  An orc (D:3)
  4 giant cockroaches
  5 hobgoblins
  4 jackals (D:3)
  5 quokkas
  7 bats
  7 frilled lizards
  5 goblins
  4 kobolds
  7 rats
67 creatures vanquished.

Notes
Turn   | Place    | Note
-------+----------+-------------------------------------------
     0 | D:1      | Grinner the Spriggan Gladiator began the quest for the Orb.
     0 | D:1      | Reached XP level 1. HP: 10/10 MP: 2/2
   398 | D:1      | Reached XP level 2. HP: 14/14 MP: 3/3
   949 | D:1      | Reached skill level 5 in Dodging
  1363 | D:2      | Found a hide-covered altar of Uskayaw.
  1402 | D:2      | Reached XP level 3. HP: 13/18 MP: 4/4
  1723 | D:3      | Noticed Ijyb
  1774 | D:3      | Killed Ijyb
  1774 | D:3      | Reached XP level 4. HP: 12/22 MP: 5/5
  1961 | D:3      | Found a stormy altar of Qazlal.
  1976 | D:3      | Reached skill level 6 in Dodging
  2720 | D:2      | Reached XP level 5. HP: 25/25 MP: 6/6
  2741 | D:2      | Found a faded altar of an unknown god.
  3259 | D:2      | You fall through a shaft for 2 floors!
  3634 | D:4      | Slain by a gnoll

Skill      XL: |  1  2  3  4  5 |
---------------+----------------+-----
Dodging        | 5 6 |  6.8
Long Blades    | 3 4 |  4.5
Fighting       | |  1.5
Throwing       | |  2.0

Action                   |  1- 3 |  4- 6 || total
-------------------------+-------+-------++-------
Melee: Long sword        |    98 |   141 ||   239
Throw: Throwing net      |     1 |       ||     1
  Use: Scroll            |     4 |     3 ||     7
       Potion            |     1 |       ||     1
 Stab: Sleeping          |     2 |     2 ||     4
Armor: Robe              |    11 |    12 ||    23
Dodge: Dodged            |    95 |   165 ||   260
       Rpst.: Long sword |    20 |    55 ||    75
